 Dungeon Crawl Stone Soup version 0.29-a0-732-g3d7fbe0af2 (webtiles) character file.

Game seed: 5504262882579137775

1071 Mesmaeker13 the Shooter (level 8, 0/42 HPs)
             Began as a Spriggan Hunter on June 29, 2022.
             Slain by a yak (17 damage)
             ... on level 5 of the Dungeon.
             The game lasted 00:07:22 (4000 turns).

Mesmaeker13 the Shooter (Spriggan Hunter)           Turns: 4000, Time: 00:07:22

Health: 0/42       AC:  2    Str:  9    XL:     8   Next: 7%
Magic:  9/9        EV: 21    Int: 17    God:
Gold:   260        SH:  0    Dex: 18    Spells: 5/7 levels left

rFire   . . .      SeeInvis +   a - +0 shortbow
rCold   . . .      Faith    .   (shield currently unavailable)
rNeg    . . .      Spirit   .   c - +0 robe
rPois   .          Reflect  .   (helmet restricted)
rElec   .          Harm     .   (no cloak)
rCorr   .          Rampage  .   (gloves unavailable)
Will    ++...                   (boots unavailable)
Stlth   ++........              d - amulet of regeneration
HPRegen 0.94/turn               v - ring of willpower
MPRegen 0.11/turn               y - +6 ring of intelligence

@: very quick
A: very small, no large weapons, unfitting armour, see invisible, speed 3
a: no special abilities


You were on level 5 of the Dungeon.
You visited 1 branch of the dungeon, and saw 6 of its levels.

You collected 260 gold pieces.

Inventory:

Hand Weapons
 a - a +0 shortbow (weapon)
 l - a +1 sling of freezing
 o - a +0 dagger of pain
 p - a +0 dagger of venom
Armour
 c - a +0 robe (worn)
Jewellery
 d - an amulet of regeneration (around neck)
 m - a ring of protection from cold
 q - an amulet of magic regeneration
 v - a ring of willpower (left hand)
 w - an amulet of faith
 y - a +6 ring of intelligence (right hand)
Scrolls
 b - 2 scrolls of immolation
 f - 5 scrolls of teleportation
 g - 2 scrolls of fog
 k - 2 scrolls of magic mapping
 t - a scroll of noise {unknown}
 u - a scroll of blinking {unknown}
 z - a scroll of silence {unknown}
Potions
 e - a potion of heal wounds
 h - 2 potions of degeneration {unknown}
 j - 3 potions of lignification
 n - a potion of berserk rage {unknown}
 r - 2 potions of might {unknown}
 s - a potion of haste {unknown}
 x - a potion of magic {unknown}


   Skills:
 + Level 4.4 Fighting
 + Level 7.7 Ranged Weapons
 + Level 7.0 Dodging
 - Level 1.5 Stealth
 + Level 3.3 Poison Magic


You had 5 spell levels left.
You knew the following spells:

 Your Spells              Type           Power      Damage    Failure   Level
a - Poisonous Vapours     Pois/Air       10%        N/A       19%         2

Your spell library contained the following spells:

 Spells                   Type           Power      Damage    Failure   Level
 Sting                    Tmut/Pois      20%        1d4       12%         1
 Olgreb's Toxic Radiance  Pois           11%        N/A       52%         4


Dungeon Overview and Level Annotations

Branches:
Dungeon (6/15)
 Temple: D:4-7

Altars:

Shops:
D:3 (

Annotations:
D:4 Duvessa


Innate Abilities, Weirdness & Mutations

You are very small and have problems with some larger weapons.
You are too small for most types of armour.
You have supernaturally acute eyesight. (SInv)
You cover ground extremely quickly. (Speed+++)


Message History

You shoot an arrow. The arrow barely misses the yak.
You shoot an arrow. The yak bellows!
The arrow hits the yak.
The yak is moderately wounded.
The yak completely misses you. The yak completely misses you.
You climb upwards.
There is a stone staircase leading down here.
You shoot an arrow.
The arrow hits the yak but does no damage.
The yak is moderately wounded.
The yak gores you! The yak completely misses you.
You shoot an arrow. The arrow hits the yak.
The yak is heavily wounded.
The yak completely misses you.
You shoot an arrow. The arrow hits the yak.
The yak is heavily wounded.
The yak completely misses you.
You shoot an arrow.
The arrow hits the yak but does no damage.
The yak is heavily wounded.
The yak misses you.
You shoot an arrow. The arrow hits the yak!
The yak is almost dead.
The yak barely misses you.
You shoot an arrow. The arrow barely misses the yak.
The yak gores you.
You shoot an arrow.
The arrow hits the yak but does no damage.
The yak is almost dead.
The yak gores you!
You are too injured to fight recklessly!
You are too injured to fight recklessly!
Fire: a) +0 shortbow
Press: ? - help, Q - select action, (/) - cycle Shift-Dir - straight line, f/p - yak
Aim: a yak (almost dead)
You shoot an arrow. The arrow hits the yak.
The yak is almost dead.
The yak gores you!
You die...

#........##.#..######
#........##.#.....#
#........##.#.....#
#.[.........#..^..#
#.......#####..####
#####.......†))....#
#...........#####.##
#.....###########.#######
#.....##@Y...............
########.####.###.#######
#.# #.# #.....### #.#
#.###.....#..
#.####.........#..
#..[...........'..
###########....#..
######.. #..


You could see a yak.

Vanquished Creatures
  A yak (D:5)
  A black bear (D:5)
  A phantom (D:5)
  2 scorpions (D:5)
  Dowan (D:4)
  A gnoll shaman (D:5)
  7 hounds
  2 iguanas
  2 orc wizards
  15 gnolls
  3 adders
  An ufetubus (D:5)
  A dart slug (D:4)
  6 orcs
  4 bats
  8 endoplasms
  2 giant cockroaches (D:1)
  6 goblins
  6 hobgoblins
  12 jackals
  2 quokkas
  3 frilled lizards
  4 kobolds
  4 rats
95 creatures vanquished.

Notes
Turn   | Place    | Note
-------+----------+-------------------------------------------
     0 | D:1      | Mesmaeker13 the Spriggan Hunter began the quest for the
                  | Orb.
     0 | D:1      | Reached XP level 1. HP: 10/10 MP: 2/2
   166 | D:1      | Reached skill level 5 in Ranged Weapons
   171 | D:1      | Reached XP level 2. HP: 15/15 MP: 3/3
   990 | D:2      | Reached XP level 3. HP: 18/18 MP: 4/4
  1020 | D:2      | Found a faded altar of an unknown god.
  1633 | D:3      | Reached XP level 4. HP: 23/23 MP: 5/5
  1910 | D:3      | Found Zoppadaj's Antique Weapon Boutique.
  1983 | D:4      | Reached XP level 5. HP: 27/27 MP: 6/6
  2179 | D:4      | Noticed Dowan
  2255 | D:4      | Killed Dowan
  2256 | D:4      | Reached skill level 5 in Dodging
  2501 | D:4      | Noticed Duvessa
  2714 | D:5      | Entered Level 5 of the Dungeon
  2731 | D:5      | Learned a level 2 spell: Poisonous Vapours
  2742 | D:5      | Reached XP level 6. HP: 32/32 MP: 7/7
  2824 | D:5      | Reached skill level 1 in Poison Magic
  3098 | D:5      | Reached XP level 7. HP: 37/37 MP: 8/8
  3734 | D:6      | Noticed a yak
  3735 | D:6      | Noticed a yak
  3853 | D:6      | Noticed a yak
  3853 | D:6      | Noticed a yak
  3873 | D:5      | Killed a yak
  3874 | D:5      | Reached XP level 8. HP: 42/42 MP: 9/9
  4000 | D:5      | Slain by a yak

Illustrated notes

Levels and vault maps discovered:
D:1:      tarquinn_simple_flora_water_c, layout_loops_ring
D:2:      layout_loops_ring, shapermc_ecumenical_altar_venn, bh_walls_and_bars
D:3:      layout_basic, serial_shops, nicolae_shop_behind_doors
D:4:      layout_basic, lemuel_temple_firewalk_a, st_stairs_1,
          minmay_misc_feat_chi, dk_noncrumbling_3, uniq_natasha, uniq_duvessa
D:5:      layout_basic, minmay_misc_feat_plants
D:6:      layout_loops_ring

Skill      XL: |  1  2  3  4  5  6  7  8 |
---------------+-------------------------+-----
Dodging        | 3 4 5 6 7 |  7.0
Ranged Weapons | 5 6 7 |  7.7
Fighting       | 2 3 4 |  4.4
Poison Magic   | 1 3 |  3.3
Stealth        | |  1.5

Action                   |  1- 3 |  4- 6 |  7- 9 || total
-------------------------+-------+-------+-------++-------
Melee: Dagger            |       |       |    34 ||    34
 Fire: Shortbow          |    37 |    13 |    95 ||   145
       Sling             |    40 |   124 |       ||   164
Throw: Throwing net      |       |       |     1 ||     1
  Use: Scroll            |     3 |       |     2 ||     5
       Potion            |       |       |     1 ||     1
Armor: Robe              |     2 |     3 |     2 ||     7
       Skin              |       |       |    12 ||    12
Dodge: Dodged            |    12 |    38 |    98 ||   148

Table legend: (Time is in decaauts)
 A = Elapsed time spent in this place.
 B = Non-inter-level travel time spent in this place.
 C = Inter-level travel time spent in this place.
 D = Time resting spent in this place.
 E = Time spent auto-exploring this place.
 F = Levels seen in this place.
 G = Mean time per level.
                   A        B        C        D        E       F      G
               +--------+--------+--------+--------+--------+-----+--------+
         Total |   2873 |   2674 |    199 |    580 |   1403 |   6 |  478.8 |
       Dungeon |   2873 |   2674 |    199 |    580 |   1403 |   6 |  478.8 |
               +--------+--------+--------+--------+--------+-----+--------+

Top non-repeatable levels by time:
     D:5: 853 daAuts
     D:2: 692 daAuts
     D:4: 456 daAuts
     D:3: 446 daAuts
     D:1: 351 daAuts
     D:6: 72 daAuts
